 Dungeon Crawl Stone Soup version 0.21-a0-140-g479285b (webtiles) character file.

50 Ordine the Magician (level 3, -5/19 HPs)
             Began as a Deep Elf Wizard on July 20, 2017.
             Killed from afar by Natasha (6 damage)
             ... with a magic dart
             ... on level 2 of the Dungeon.
             The game lasted 00:03:12 (926 turns).

Ordine the Magician (Deep Elf Wizard)                Turns: 926, Time: 00:03:12

Health: -5/19      AC:  2    Str:  4    XL:     3   Next: 55%
Magic:  9/11       EV: 19    Int: 23    God:
Gold:   66         SH:  0    Dex: 18    Spells: 8/11 levels left

rFire    . . .     SeeInvis .   (no weapon)
rCold    . . .     Gourm    .   (no shield)
rNeg     . . .     Faith    .   a - +0 robe
rPois    .         Spirit   .   b - +0 hat
rElec    .         Reflect  .   (no cloak)
rCorr    .         Harm     .   (no gloves)
MR       .....                  (no boots)
Stlth    ++++......             (no amulet)
HPRegen  0.06/turn              (no ring)
MPRegen  0.12/turn              (no ring)

@: agile, very slightly contaminated, invisible
A: no striking features
a: no special abilities


You were on level 2 of the Dungeon.
You were not hungry.

You visited 1 branch of the dungeon, and saw 2 of its levels.

You collected 66 gold pieces.

Inventory:

Armour
 a - a +0 robe (worn)
 b - a +0 hat (worn)
Scrolls
 g - a scroll of identify {unknown}
 j - 2 scrolls of teleportation {unknown}
 k - a scroll of immolation {unknown}
 l - a scroll of recharging {unknown}
 m - a scroll of remove curse {unknown}
Books
 c - a book of Minor Magic

   Spells                             Type                      Level
   a - Magic Dart                     Conjuration                  1
   b - Blink                          Translocation                2
   c - Call Imp                       Summoning                    2
   d - Slow                           Hexes                        2
   e - Conjure Flame                  Conjuration/Fire             3
   f - Mephitic Cloud                 Conjuration/Poison/Air       3
Comestibles
 d - a bread ration
 f - a fruit
 n - a chunk of flesh


   Skills:
 + Level 3.3 Dodging
 + Level 3.2 Stealth
 + Level 4.8 Spellcasting
 + Level 1.8 Conjurations
   Level 1.1 Summonings
 + Level 1.4 Translocations


You had 8 spell levels left.
You knew the following spells:

 Your Spells              Type           Power        Failure   Level  Hunger
a - Magic Dart            Conj           ##..         4%          1    None
b - Blink                 Tloc           N/A          8%          2    None


Dungeon Overview and Level Annotations

Branches:
Dungeon (2/15)

Altars:

Annotations:
D:2 Natasha


Message History

Natasha casts a spell.
Casting: Magic Dart
Confirm with . or Enter, or press ? or * to list all spells.
Aiming: Magic Dart
Press: ? - help, Shift-Dir - straight line, f/p - Natasha
Aim: Natasha (moderately wounded)
The magic dart hits Natasha.
Natasha is moderately wounded.
Natasha claws you!
* * * LOW HITPOINT WARNING * * *
It was a potion of agility.
You feel agile all of a sudden. Natasha barely misses you.
It was a potion of invisibility.
You fade into invisibility!
Natasha completely misses you.
You are very lightly contaminated with residual magic.
Natasha stares at you and mumbles some strange words.
The magic dart hits you!
You die...

#.#.###### ... h.....
#.. ....# #.# #..#
..#####.#####..####
.[..........h.....######
........#
#.....รท....... #@#
#.#..##.####.# #.#
#.#...#.# ##h###....#..#
#.5(.h.......#
#..###..###..#
#...##.#.#.#.#
#.#.##.##.##.#
#)#.##.#####.# #.#.##.#
#.#


You could see an iron imp (wandering) and Natasha.

Vanquished Creatures
  Natasha (D:2)
  A dart slug (D:1)
  2 leopard geckos
  A giant cockroach (D:1)
  2 goblins (D:1)
  3 hobgoblins (D:1)
  4 kobolds
  4 bats (D:1)
  2 frilled lizards (D:1)
  2 rats (D:1)
22 creatures vanquished.

Notes
Turn   | Place    | Note
-------+----------+-------------------------------------------
     0 | D:1      | Ordine the Deep Elf Wizard began the quest for the Orb.
     0 | D:1      | Reached XP level 1. HP: 10/10 MP: 7/7
   145 | D:1      | Reached XP level 2. HP: 15/15 MP: 7/9
   149 | D:1      | Learned a level 2 spell: Blink
   845 | D:2      | Noticed Natasha
   855 | D:2      | Killed Natasha
   855 | D:2      | Reached XP level 3. HP: 5/19 MP: 0/11
   889 | D:2      | Noticed Natasha
   926 | D:2      | Killed from afar by Natasha

Vault maps used:
D:1:      minmay_arrival_five_plusses
D:2:      nicolae_tso_carved_into_rock, uniq_natasha, uniq_crazy_yiuf_cottage

Skill      XL: |  1  2 |
---------------+-------+-----
Dodging        | 3 |  3.3
Stealth        | 3 |  3.2
Spellcasting   | |  4.8
Conjurations   | |  1.8
Summonings     | |  1.1
Translocations | |  1.4

Action                   || total
-------------------------++-------
 Cast: Magic Dart        ||    56
  Use: Potion            ||     3
Dodge: Dodged            ||    12
